| TOP OF THE 1ST |
|
Portland Angels batting - Pitching for Oakland Oaks : RHP Ricky Lopez
|
|
Pitching: RHP Ricky Lopez
|
|
|
Batting: RHB Aaron Bryant
|
0-0: Ball 1-0: Foul Ball, location: 2F 1-1: Foul Ball, location: 2F 1-2: Ball 2-2: Ball 3-2: Strikes out swinging
|
|
Batting: RHB Rory Cobb
|
0-0: Foul Ball, location: 2F 0-1: Bunt missed! 0-2: Ball 1-2: Ground out 6-3 (Groundball, 6S, EV 88.8 MPH)
|
|
Batting: LHB Dave Hicks
|
0-0: Called Strike 0-1: Ball 1-1: Ball 2-1: Swinging Strike 2-2: Strikes out swinging passed ball, reaches first!
|
|
Batting: RHB Dan Myers
|
0-0: Called Strike 0-1: SINGLE (Line Drive, 4D, EV 98.8 MPH) Dave Hicks to second Runner from 2nd tries for 3rd, SAFE, throw by CF made to third
|
|
Batting: LHB Ramon Garduno
|
0-0: SINGLE (Flyball, 4D, EV 88.1 MPH) Dave Hicks scores Dan Myers to second Runner from 2nd tries for 3rd, SAFE, throw by CF made to third
|
|
Batting: SHB Danny Gelinas
|
0-0: Ball 1-0: Ball 2-0: Swinging Strike 2-1: Swinging Strike 2-2: Foul Ball, location: 2F 2-2: Strikes out swinging
|
| Top of the 1st over - 1 run, 2 hits, 0 errors, 2 left on base; Portland 1 - Oakland 0 |
| BOTTOM OF THE 1ST |
|
Oakland Oaks batting - Pitching for Portland Angels : RHP Carlos Olbera
|
|
Pitching: RHP Carlos Olbera
|
|
|
Batting: RHB Chris Bohm
|
0-0: Bunt missed! 0-1: Ball 1-1: Called Strike 1-2: Ball 2-2: Ground out 5-3 (Groundball, 56, EV 98.1 MPH)
|
|
Batting: SHB Steve Salafia
|
0-0: Ball 1-0: Ball 2-0: Swinging Strike 2-1: Ball 3-1: Base on Balls
|
|
Batting: RHB Chris Temple
|
0-0: Called Strike Steve Salafia steals 2nd base 0-1: Fly out, F8 (Flyball, 8RM, EV 85.0 MPH)
|
|
Batting: LHB Felipe Gomez
|
0-0: Called Strike 0-1: Ball 1-1: 2-RUN HOME RUN (Flyball, 9D, EV 108.1 MPH), Distance : 408 ft
|
|
Batting: LHB Ed Talamantes
|
0-0: Ball 1-0: Ball 2-0: Foul Ball, location: 2F 2-1: Foul Ball, location: 2F 2-2: Ball 3-2: Fly out, F9 (Flyball, 9LMF, EV 91.2 MPH)
|
| Bottom of the 1st over - 2 runs, 1 hit, 0 errors, 0 left on base; Portland 1 - Oakland 2 |
| TOP OF THE 2ND |
|
Portland Angels batting - Pitching for Oakland Oaks : RHP Ricky Lopez
|
|
Batting: RHB Carlos Gonzales
|
0-0: Ground out 5-3 (Groundball, 56S, EV 72.5 MPH)
|
|
Batting: RHB Mario Martinez
|
0-0: Foul Ball, location: 2F 0-1: Foul Ball, location: 2F 0-2: Ball 1-2: Foul Ball, location: 2F 1-2: Ball 2-2: Foul Ball, location: 2F 2-2: Strikes out looking
|
|
Batting: SHB Adrian Orosco
|
0-0: Ball 1-0: Ball 2-0: Called Strike 2-1: Ground out U3 (Groundball, 3, EV 109.4 MPH)
|
| Top of the 2nd over - 0 runs, 0 hits, 0 errors, 0 left on base; Portland 1 - Oakland 2 |
| BOTTOM OF THE 2ND |
|
Oakland Oaks batting - Pitching for Portland Angels : RHP Carlos Olbera
|
|
Batting: LHB Marcus Pollard
|
0-0: Called Strike 0-1: Ball 1-1: Ball 2-1: Called Strike 2-2: Ball 3-2: Ground out 4-3 (Groundball, 4M, EV 101.9 MPH)
|
|
Batting: RHB Gojko Golob
|
0-0: Ball 1-0: Ball 2-0: Called Strike 2-1: Foul Ball, location: 2F 2-2: Foul Ball, location: 2F 2-2: Ground out 4-3 (Groundball, 34, EV 83.8 MPH)
|
|
Batting: RHB Travis Robinson
|
0-0: Fly out, F8 (Flyball, 89M, EV 90.0 MPH)
|
| Bottom of the 2nd over - 0 runs, 0 hits, 0 errors, 0 left on base; Portland 1 - Oakland 2 |
| TOP OF THE 3RD |
|
Portland Angels batting - Pitching for Oakland Oaks : RHP Ricky Lopez
|
|
Batting: RHB Aaron Bryant
|
0-0: Called Strike 0-1: Ground out 6-3 (Groundball, 6M, EV 105.0 MPH)
|
|
Batting: RHB Rory Cobb
|
0-0: Foul Ball, location: 2F 0-1: Foul Ball, location: 2F 0-2: Ball 1-2: Foul Ball, location: 2F 1-2: Strikes out swinging
|
|
Batting: LHB Dave Hicks
|
0-0: Ground out 4-3 (Groundball, 34D, EV 92.5 MPH)
|
| Top of the 3rd over - 0 runs, 0 hits, 0 errors, 0 left on base; Portland 1 - Oakland 2 |
| BOTTOM OF THE 3RD |
|
Oakland Oaks batting - Pitching for Portland Angels : RHP Carlos Olbera
|
|
Batting: RHB Tim Anderson
|
0-0: Swinging Strike 0-1: Ground out 1-3 (Groundball, P, EV 68.8 MPH)
|
|
Batting: RHB Chris Bohm
|
0-0: Foul Ball, location: 2F 0-1: Swinging Strike 0-2: DOUBLE (Flyball, 8LXD, EV 111.2 MPH)
|
|
Batting: SHB Steve Salafia
|
0-0: Called Strike Chris Bohm steals 3rd base 0-1: Ball 1-1: Ball 2-1: Ball 3-1: Base on Balls
|
|
Batting: RHB Chris Temple
|
0-0: Ball 1-0: Ball 2-0: SINGLE (Flyball, 78S, EV 91.2 MPH) Chris Bohm scores Steve Salafia to second
|
|
Batting: LHB Felipe Gomez
|
0-0: Foul Ball, location: 2F 0-1: Ball 1-1: Ball 2-1: Ball 3-1: Foul Ball, location: 2F 3-2: Foul Ball, location: 2F 3-2: Base on Balls Steve Salafia to third Chris Temple to second
|
|
Batting: LHB Ed Talamantes
|
0-0: Called Strike 0-1: Ball Wild Pitch! Steve Salafia scores Chris Temple to third Felipe Gomez to second 1-1: Ball 2-1: Foul Ball, location: 2F 2-2: Ball 3-2: Foul Ball, location: 2F 3-2: Foul Ball, location: 2F 3-2: Foul Ball, location: 2F 3-2: Base on Balls
|
|
Pitching: RHP Yuya Hirata
|
|
|
Batting: LHB Marcus Pollard
|
0-0: Ball 1-0: SINGLE (Line Drive, 9S, EV 110.6 MPH) Chris Temple scores Felipe Gomez to third Ed Talamantes to second Runner from 3rd tries for Home, SAFE, throw by RF to home
|
|
Batting: RHB Gojko Golob
|
0-0: Foul Ball, location: 2F 0-1: Foul Ball, location: 2F 0-2: Ball 1-2: Ball 2-2: Foul Ball, location: 2F 2-2: Foul Ball, location: 2F 2-2: Ball 3-2: Fly out, F9 (Line Drive, 9, EV 96.2 MPH) Lined into DP, 9-6 (Line Drive, 9, EV 96.2 MPH)
|
| Bottom of the 3rd over - 4 runs, 3 hits, 0 errors, 1 left on base; Portland 1 - Oakland 6 |
| TOP OF THE 4TH |
|
Portland Angels batting - Pitching for Oakland Oaks : RHP Ricky Lopez
|
|
Batting: RHB Dan Myers
|
0-0: SINGLE (Line Drive, 89S, EV 108.1 MPH)
|
|
Batting: LHB Ramon Garduno
|
0-0: Swinging Strike 0-1: Ball 1-1: Foul Ball, location: 2F 1-2: Strikes out swinging
|
|
Batting: SHB Danny Gelinas
|
0-0: Fly out, F7 (Flyball, 8LS, EV 94.4 MPH)
|
|
Batting: RHB Carlos Gonzales
|
0-0: Called Strike Dan Myers is caught stealing 2nd base 2-4
|
| Top of the 4th over - 0 runs, 1 hit, 0 errors, 0 left on base; Portland 1 - Oakland 6 |
| BOTTOM OF THE 4TH |
|
Oakland Oaks batting - Pitching for Portland Angels : RHP Yuya Hirata
|
|
Batting: RHB Travis Robinson
|
0-0: Fly out, F3 (Popup, 3SF, EV 86.2 MPH)
|
|
Batting: RHB Tim Anderson
|
0-0: Ball 1-0: Ball 2-0: Called Strike 2-1: Ground out 4-3 (Groundball, 4, EV 85.6 MPH)
|
|
Batting: RHB Chris Bohm
|
0-0: Foul Ball, location: 2F 0-1: SINGLE (Groundball, 25, EV 73.8 MPH) (infield hit)
|
|
Batting: SHB Steve Salafia
|
0-0: Ball Chris Bohm is caught stealing 2nd base 2-6
|
| Bottom of the 4th over - 0 runs, 1 hit, 0 errors, 0 left on base; Portland 1 - Oakland 6 |
| TOP OF THE 5TH |
|
Portland Angels batting - Pitching for Oakland Oaks : RHP Ricky Lopez
|
|
Batting: RHB Carlos Gonzales
|
0-0: Called Strike 0-1: Foul Ball, location: 2F 0-2: Ball 1-2: Ground out 3-1 (Groundball, 34, EV 91.2 MPH)
|
|
Batting: RHB Mario Martinez
|
0-0: Called Strike 0-1: Foul Ball, location: 2F 0-2: Foul Ball, location: 2F 0-2: Foul Ball, location: 2F 0-2: Foul Ball, location: 2F 0-2: Ball 1-2: Strikes out looking
|
|
Batting: SHB Adrian Orosco
|
0-0: Called Strike 0-1: Foul Ball, location: 2F 0-2: SINGLE (Groundball, 6D, EV 97.5 MPH)
|
|
Batting: RHB Aaron Bryant
|
0-0: Ball 1-0: Foul Ball, location: 2F 1-1: Foul Ball, location: 2F 1-2: Ball 2-2: Foul Ball, location: 2F 2-2: Ground out U3 (Groundball, 3S, EV 84.4 MPH)
|
| Top of the 5th over - 0 runs, 1 hit, 0 errors, 1 left on base; Portland 1 - Oakland 6 |
| BOTTOM OF THE 5TH |
|
Oakland Oaks batting - Pitching for Portland Angels : RHP Yuya Hirata
|
|
Batting: SHB Steve Salafia
|
0-0: Ball 1-0: Foul Ball, location: 2F 1-1: Ground out 6-3 (Groundball, 6MD, EV 99.4 MPH)
|
|
Batting: RHB Chris Temple
|
0-0: Ball 1-0: Ball 2-0: Ball 3-0: Base on Balls
|
|
Batting: LHB Felipe Gomez
|
0-0: Ball 1-0: Ball 2-0: Ball 3-0: Base on Balls Chris Temple to second
|
|
Batting: LHB Ed Talamantes
|
0-0: Called Strike 0-1: Foul Ball, location: 2F 0-2: Ball 1-2: Foul Ball, location: 2F 1-2: Fielders Choice at 2nd, 3-6 (Groundball, 13, EV 93.8 MPH) Chris Temple to third
|
|
Batting: LHB Marcus Pollard
|
0-0: Ball 1-0: 3-RUN HOME RUN (Flyball, 78XD, EV 111.9 MPH), Distance : 446 ft
|
|
Batting: RHB Gojko Golob
|
0-0: Ball 1-0: Ball 2-0: Ball 3-0: Called Strike 3-1: Foul Ball, location: 2F 3-2: Foul Ball, location: 2F 3-2: Foul Ball, location: 2F 3-2: Foul Ball, location: 2F 3-2: Base on Balls
|
|
Batting: RHB Travis Robinson
|
0-0: Ball 1-0: Ball 2-0: Ball 3-0: Base on Balls Gojko Golob to second
|
|
Batting: RHB Tim Anderson
|
0-0: Ball 1-0: Foul Ball, location: 2F 1-1: 3-RUN HOME RUN (Flyball, 7LD, EV 94.4 MPH), Distance : 340 ft
|
|
Pitching: LHP Bill Girton
|
|
|
Batting: RHB Chris Bohm
|
0-0: Ball 1-0: Foul Ball, location: 2F 1-1: Foul Ball, location: 2F 1-2: Ball 2-2: Fly out, F8 (Line Drive, 8LM, EV 91.9 MPH)
|
| Bottom of the 5th over - 6 runs, 2 hits, 0 errors, 0 left on base; Portland 1 - Oakland 12 |
| TOP OF THE 6TH |
|
Portland Angels batting - Pitching for Oakland Oaks : RHP Ricky Lopez
|
|
Batting: RHB Rory Cobb
|
0-0: Called Strike 0-1: Swinging Strike 0-2: Strikes out swinging
|
|
Batting: LHB Dave Hicks
|
0-0: Ball 1-0: Swinging Strike 1-1: Called Strike 1-2: Strikes out swinging
|
|
Batting: RHB Dan Myers
|
0-0: Called Strike 0-1: Called Strike 0-2: Ball 1-2: Strikes out swinging
|
| Top of the 6th over - 0 runs, 0 hits, 0 errors, 0 left on base; Portland 1 - Oakland 12 |
| BOTTOM OF THE 6TH |
|
Oakland Oaks batting - Pitching for Portland Angels : LHP Bill Girton
|
|
Batting: SHB Steve Salafia
|
0-0: Ball 1-0: Foul Ball, location: 2F 1-1: Foul Ball, location: 2F 1-2: Foul Ball, location: 2F 1-2: Ball 2-2: Ball 3-2: Base on Balls
|
|
Batting: RHB Chris Temple
|
0-0: Foul Ball, location: 2F 0-1: Ball 1-1: Foul Ball, location: 2F 1-2: Foul Ball, location: 2F 1-2: Ball Wild Pitch! Steve Salafia to second 2-2: Fly out, F4 (Line Drive, 4, EV 70.0 MPH)
|
|
Batting: LHB Felipe Gomez
|
0-0: Ball Wild Pitch! Steve Salafia to third 1-0: Ball 2-0: Ball 3-0: Called Strike 3-1: Foul Ball, location: 2F 3-2: Ground out 4-3 (Groundball, 4, EV 94.4 MPH) Steve Salafia scores
|
|
Batting: LHB Ed Talamantes
|
0-0: Called Strike 0-1: Ball 1-1: Foul Ball, location: 2F 1-2: Foul Ball, location: 2F 1-2: Hit by Pitch
|
|
Batting: LHB Marcus Pollard
|
0-0: Ball 1-0: Ball 2-0: SINGLE (Line Drive, 7S, EV 103.1 MPH) Ed Talamantes to second
|
|
Batting: RHB Gojko Golob
|
0-0: Ball 1-0: Called Strike 1-1: Foul Ball, location: 2F 1-2: Ball 2-2: Fly out, F8 (Flyball, 8LD, EV 90.0 MPH)
|
| Bottom of the 6th over - 1 run, 1 hit, 0 errors, 2 left on base; Portland 1 - Oakland 13 |
| TOP OF THE 7TH |
|
Portland Angels batting - Pitching for Oakland Oaks : RHP Ricky Lopez
|
|
Batting: LHB Ramon Garduno
|
0-0: Called Strike 0-1: Swinging Strike 0-2: Strikes out looking
|
|
Batting: SHB Danny Gelinas
|
0-0: Called Strike 0-1: Ball 1-1: Ball 2-1: Ball 3-1: Foul Ball, location: 2F 3-2: Strikes out swinging
|
|
Batting: RHB Carlos Gonzales
|
0-0: Swinging Strike 0-1: Ball 1-1: Ball 2-1: Foul Ball, location: 2F 2-2: Strikes out swinging
|
| Top of the 7th over - 0 runs, 0 hits, 0 errors, 0 left on base; Portland 1 - Oakland 13 |
| BOTTOM OF THE 7TH |
|
Oakland Oaks batting - Pitching for Portland Angels : LHP Bill Girton
|
|
Batting: RHB Travis Robinson
|
0-0: Called Strike 0-1: Ball 1-1: Foul Ball, location: 2F 1-2: Fly out, F9 (Flyball, 9, EV 78.8 MPH)
|
|
Batting: RHB Tim Anderson
|
0-0: Foul Ball, location: 2F 0-1: Ball 1-1: Foul Ball, location: 2F 1-2: Ball 2-2: Strikes out looking
|
|
Batting: RHB Chris Bohm
|
0-0: Foul Ball, location: 2F 0-1: Called Strike 0-2: Ball 1-2: Strikes out swinging
|
| Bottom of the 7th over - 0 runs, 0 hits, 0 errors, 0 left on base; Portland 1 - Oakland 13 |
| TOP OF THE 8TH |
|
Portland Angels batting - Pitching for Oakland Oaks : RHP Ricky Lopez
|
|
Pinch Hitting: RHB Dan Thomey
|
0-0: Foul Ball, location: 2F 0-1: Swinging Strike 0-2: Ball 1-2: Ground out 5-3 (Groundball, 56S, EV 86.2 MPH)
|
|
Batting: SHB Adrian Orosco
|
0-0: Fly out, F8 (Flyball, 89M, EV 81.2 MPH)
|
|
Batting: RHB Aaron Bryant
|
0-0: Ball 1-0: Called Strike 1-1: Foul Ball, location: 2F 1-2: Ball 2-2: Ball 3-2: Foul Ball, location: 2F 3-2: Strikes out swinging
|
| Top of the 8th over - 0 runs, 0 hits, 0 errors, 0 left on base; Portland 1 - Oakland 13 |
| BOTTOM OF THE 8TH |
|
Oakland Oaks batting - Pitching for Portland Angels : LHP Bill Girton
|
|
Pitching: RHP Arnaud Derosiers
|
|
|
Now at SS: Brendan Garoutte
|
|
|
Batting: SHB Steve Salafia
|
0-0: Ground out 6-3 (Groundball, 6, EV 107.5 MPH)
|
|
Batting: RHB Chris Temple
|
0-0: Ball 1-0: Ball 2-0: Ball 3-0: Base on Balls
|
|
Batting: LHB Felipe Gomez
|
0-0: Fly out, F7 (Flyball, 7D, EV 75.0 MPH)
|
|
Batting: LHB Ed Talamantes
|
0-0: Ball 1-0: Foul Ball, location: 2F 1-1: Foul Ball, location: 2F 1-2: Foul Ball, location: 2F 1-2: Ball 2-2: Foul Ball, location: 2F 2-2: Ball Wild Pitch! Chris Temple to second 3-2: Foul Ball, location: 2F 3-2: Ground out U3 (Groundball, 34, EV 100.0 MPH)
|
| Bottom of the 8th over - 0 runs, 0 hits, 0 errors, 1 left on base; Portland 1 - Oakland 13 |
| TOP OF THE 9TH |
|
Portland Angels batting - Pitching for Oakland Oaks : RHP Ricky Lopez
|
|
Pinch Hitting: RHB Daniel Molina
|
0-0: Foul Ball, location: 2F 0-1: Ball 1-1: Foul Ball, location: 2F 1-2: Ball 2-2: Strikes out swinging
|
|
Batting: LHB Dave Hicks
|
0-0: Called Strike 0-1: Swinging Strike 0-2: Ball 1-2: Ball 2-2: Strikes out looking
|
|
Batting: RHB Dan Myers
|
0-0: Ball 1-0: Ball 2-0: Fly out, F9 (Flyball, 9LS, EV 88.1 MPH)
|
| Top of the 9th over - 0 runs, 0 hits, 0 errors, 0 left on base; Portland 1 - Oakland 13 |
|